 Dungeon Crawl Stone Soup version 0.22.1-1-ga44c0e5 (webtiles) character file.

445 tifemel the Chopper (level 6, -1/84 HPs)
             Began as a Minotaur Berserker on Sept 26, 2018.
             Was a Priest of Trog.
             Slain by an orc priest
             ... wielding a +0 mace
              (4 damage)
             ... on level 4 of the Dungeon.
             The game lasted 00:05:27 (2872 turns).

tifemel the Chopper (Minotaur Berserker)            Turns: 2872, Time: 00:05:29

Health: -1/84      AC:  9    Str: 28    XL:     6   Next: 72%
Magic:  5/5        EV:  9    Int:  4    God:    Trog [***...]
Gold:   188        SH:  0    Dex: 10    Spells: 5/5 levels left

rFire    . . .     SeeInvis .   a - +0 hand axe
rCold    . . .     Gourm    .   (no shield)
rNeg     . . .     Faith    .   f - +0 chain mail
rPois    .         Spirit   .   (helmet restricted)
rElec    .         Reflect  .   (no cloak)
rCorr    .         Harm     .   (no gloves)
MR       .....                  (no boots)
Stlth    ..........             (no amulet)
HPRegen  0.24/turn              (no ring)
MPRegen  0.09/turn              (no ring)

@: berserking, very quick
A: retaliatory headbutt, horns 2
a: Berserk, Trog's Hand, Renounce Religion


You were on level 4 of the Dungeon.
You worshipped Trog.
Trog was most pleased with you.
You were very hungry.

You visited 1 branch of the dungeon, and saw 4 of its levels.

You collected 188 gold pieces.

Inventory:

Hand Weapons
 a - a +0 hand axe (weapon)
Missiles
 j - 35 arrows
Armour
 f - a +0 chain mail (worn)
Jewellery
 m - an uncursed ring of fire {unknown}
Wands
 q - a wand of digging (9)
Scrolls
 d - 2 scrolls of fog {unknown}
 e - 7 scrolls of identify {unknown}
 g - a scroll of noise {unknown}
 h - a scroll of amnesia {unknown}
 i - a scroll of teleportation {unknown}
 k - a scroll of remove curse {unknown}
 o - a scroll of immolation {unknown}
 p - a scroll of random uselessness {unknown}
 r - a scroll of enchant armour {unknown}
 s - a scroll of blinking {unknown}
Potions
 b - a potion of curing {unknown}
 l - a potion of brilliance {unknown}
 n - a potion of heal wounds {unknown}
 u - a potion of might {unknown}
Comestibles
 c - 7 rations
 t - 5 chunks of flesh


   Skills:
 + Level 5.3 Fighting
 + Level 7.3 Axes
 + Level 4.6 Armour
 - Level 2.1 Dodging


You had 5 spell levels left.
You didn't know any spells.
Your spell library was empty.

Dungeon Overview and Level Annotations

Branches:
Dungeon (4/15)
 Temple: D:4-7

Altars:
Wu Jian


Innate Abilities, Weirdness & Mutations

You reflexively headbutt those who attack you in melee.
You have a pair of horns on your head.


Message History

You are too injured to fight recklessly!
You are too injured to fight recklessly!
You are too injured to fight recklessly!
You hit the orc wizard but do no damage.
You headbutt the orc wizard.
The orc wizard is almost dead.
You barely miss the orc priest.
The orc wizard hits you but does no damage.
The orc priest hits you but does no damage.
The orc wizard gestures at you while chanting.
The magic dart hits you!
* * * LOW HITPOINT WARNING * * *
A red film seems to cover your vision as you go berserk!
You feel yourself moving faster!
You feel mighty!
You are feeling very hungry.
The orc wizard gestures at you while chanting.
The puff of flame hits you!
* * * LOW HITPOINT WARNING * * *
The orc priest hits you with a mace.
You die...

########## ###........#
..........# #........#
#.......[# #........#
###.####@################
...%...oo................
########.################
.#........# ###
........#.# ...
........### ... ........#
... ........# ...
........# ...


You could see an orc priest and an orc wizard.

Vanquished Creatures
  A water moccasin skeleton (D:3)
  A howler monkey (D:4)
  2 orc priests (D:3)
  Ijyb (D:3)
  2 iguanas
  A worker ant (D:4)
  3 gnolls (D:3)
  9 adders
  An ooze (D:1)
  2 worms (D:2)
  A dart slug (D:2)
  3 leopard geckos
  3 orcs (D:3)
  2 giant cockroaches (D:3)
  9 goblins
  9 hobgoblins
  4 jackals (D:4)
  4 quokkas
  A ball python (D:1)
  4 bats
  A frilled lizard (D:2)
  8 kobolds
  A quokka zombie (D:4)
  8 rats
81 creatures vanquished.

Notes
Turn   | Place    | Note
-------+----------+-------------------------------------------
     0 | D:1      | tifemel the Minotaur Berserker began the quest for the Orb.
     0 | D:1      | Reached XP level 1. HP: 19/19 MP: 0/0
   334 | D:1      | Reached skill level 4 in Axes
   443 | D:1      | Reached XP level 2. HP: 25/27 MP: 1/1
   640 | D:2      | Reached XP level 3. HP: 29/33 MP: 2/2
   644 | D:2      | Found an ornate altar of the Wu Jian Council.
   869 | D:2      | Reached ** piety under Trog
   869 | D:2      | Reached XP level 4. HP: 39/41 MP: 3/3
   907 | D:2      | Reached skill level 5 in Axes
  1512 | D:3      | Noticed Ijyb
  1522 | D:3      | Killed Ijyb
  1522 | D:3      | Reached skill level 5 in Fighting
  1522 | D:3      | Reached XP level 5. HP: 48/48 MP: 4/4
  1823 | D:3      | Reached skill level 6 in Axes
  2192 | D:3      | Reached XP level 6. HP: 45/56 MP: 5/5
  2771 | D:4      | Reached *** piety under Trog
  2783 | D:4      | Reached skill level 7 in Axes
  2872 | D:4      | HP: 3/84 [orc wizard/puff of flame (10)]
  2872 | D:4      | Slain by an orc priest

Skill      XL: |  1  2  3  4  5  6 |
---------------+-------------------+-----
Axes           | 4 5 6 7 |  7.3
Fighting       | 4 5 |  5.3
Armour         | 3 4 |  4.6
Dodging        | |  2.1

Action                   |  1- 3 |  4- 6 || total
-------------------------+-------+-------++-------
Melee: Hand axe          |    51 |   169 ||   220
       Headbutt          |    10 |    33 ||    43
Invok: Berserk           |       |     1 ||     1
  Eat: Chunk             |       |     6 ||     6
Armor: Chain mail        |    19 |    90 ||   109
Dodge: Dodged            |    25 |    55 ||    80
